Map: Dusk Towers

Players

Miszu - Winner!

  • Race: Terran Terran
  • League: Master

IIIIIIIIIIII

  • Race: Terran Terran
  • League: Master

VOD

Have the link to the VOD?

Description

Time

  • Played on: April 19, 2016, 1:47 p.m.
  • Length: 5:55
Show
View Real Time Build Order
Export as new Build Order

Miszu Terran - Winner!

Build Orders:  

Get SALT Encoding   

  12  0:00  SCV  
  13  0:12  SCV  
  14  0:17  Supply Depot  
  14  0:24  SCV  
  15  0:39  SCV  
  15  0:42  Barracks  
  16  0:44  Refinery  
  16  0:51  SCV  
  16  0:53  Refinery  
  17  1:03  SCV  
  18  1:15  SCV  
  19  1:32  Orbital Command  
  19  1:33  Factory, Marine  
  20  1:42  Supply Depot  
  20  1:51  Marine  
  21  2:00  SCV  
  22  2:09  Marine  
  22  2:17  Bunker  
  20  2:23  SCV  
  20  2:27  Marine  
  17  2:39  SCV  
  9  2:51  SCV  
  9  3:03  SCV  
  8  3:09  Marine  
  9  3:18  SCV  
  10  3:28  Marine  
  10  3:30  SCV  
  13  3:41  Hellion  
  13  3:46  Marine  
  12  3:59  SCV  
  8  4:12  SCV  
  5  4:26  SCV  
  6  4:34  Marine  
  7  4:41  SCV  
  8  4:52  Marine  
  8  4:57  SCV  
  10  5:13  SCV  
  12  5:21  Hellion  
  13  5:27  SCV  
Show
View Real Time Build Order
Export as new Build Order

IIIIIIIIIIII Terran 

Build Orders:  

Get SALT Encoding   

  12  0:01  SCV  
  13  0:17  Supply Depot  
  13  0:46  Barracks  
  13  0:49  Barracks  
  13  1:05  Barracks  
  13  1:33  Marine  
  13  1:36  Barracks  
  13  1:37  Marine  
  15  1:43  Supply Depot  
  15  1:51  Marine  
  15  1:52  Marine  
  17  1:56  Marine  
  18  2:09  Marine  
  18  2:10  Marine  
  18  2:13  Marine  
  20  2:27  Marine x2  
  20  2:28  Marine  
  23  2:36  Marine  
  18  2:44  Marine  
  18  2:45  Marine  
  18  2:50  Marine  
  20  2:54  Marine  
  19  3:02  Marine  
  19  3:03  Marine  
  19  3:08  Marine  
  20  3:18  Marine  
  21  3:20  Marine  
  21  3:25  Marine  
  23  3:29  Marine  
  24  3:36  Marine  
  25  3:46  Marine x2  
  27  3:52  Marine  
  22  3:57  Marine  
  18  4:04  Marine  
  18  4:07  Marine  
  18  4:11  Marine  
  18  4:19  Marine  
  18  4:22  Marine  
  15  4:25  Marine  
  15  4:29  Marine  
  17  4:37  Marine  
  18  4:40  Marine  
  19  4:47  Marine  
  19  4:52  Marine  
  21  4:55  Marine  
  22  5:01  Marine  
  22  5:06  Marine  
  24  5:12  Marine  
  25  5:16  Marine  
  26  5:24  Marine  
  27  5:34  Marine x2  
Tags
 
Add a new tag
Caveats
  • Supply blocks, unpowered buildings, or Contaminate may cause inaccurate times.
  • Supply counts are checked every 10 seconds.